 Dungeon Crawl Stone Soup version 0.31-a0-1059-g83d41fd (webtiles) character file.

Game seed: 16538062316780650585

18931 lunatic the Markself (level 12, -3/60 (64) HPs)
             Began as a Deep Elf Hexslinger on Nov 20, 2023.
             Was a Follower of Uskayaw.
             Slain by a spectral orc warlord
             ... wielding a +2 war axe
             ... summoned by Nergalle
              (26 damage)
             ... on level 2 of the Lair of Beasts.
             The game lasted 00:35:10 (11190 turns).

lunatic the Markself (Deep Elf Hexslinger)         Turns: 11190, Time: 00:35:11

HP:   -3/60 (64)    AC: 10    Str:  5    XL:     12   Next: 32%
MP:   14/22         EV: 13    Int: 20    God:    Uskayaw [*.....]
Gold: 592           SH:  0    Dex: 21    Spells: 6/22 levels left

rFire   . . .        a - +2 orcbow (heavy)
rCold   . . .        (shield currently unavailable)
rNeg    + . .        y - +0 acid dragon scales
rPois   .            G - +2 helmet
rElec   .            (no cloak)
rCorr   +            (no gloves)
SInv    .            o - +0 pair of boots
Will    +....        i - amulet of the acrobat
Stlth   +++          n - ring of positive energy
HPRegen 0.30/turn    H - ring of willpower
MPRegen 0.18/turn

%: acrobat
@: weak-willed, jinxed, drained
A: no striking features
a: Renounce Religion, Stomp


You were on level 2 of the Lair of Beasts.
You worshipped Uskayaw.
Uskayaw was aware of your devotion.
You visited 2 branches of the dungeon, and saw 12 of its levels.
You also visited: Bailey.

You collected 724 gold pieces.
You spent 132 gold pieces at shops.

Inventory:

Hand Weapons
 a - a +2 heavy orcbow (weapon)
Missiles
 t - a throwing net
Armour
 o - a +0 pair of boots (worn)
 y - +0 acid dragon scales (worn)
 F - an orb of guile
 G - a +2 helmet (worn)
Magical Staves
 l - the staff "Spiderslayer" {rElec rPois rN+ MP+9 Air}
   (You took it off a goblin on level 3 of the Dungeon)

   [staff of air]

   Base accuracy: +5 Base damage: 5 Base attack delay: 1.2 This weapon's minimum
   attack delay (0.6) is reached at skill level 12.
   rElec:     It insulates you from electricity.
   rPois:     It protects you from poison rN+: It protects you from negative
   energy.
   MP+9:      It affects your magic capacity (+9).
   Air:       It increases the power of your Air spells.
   It falls into the 'Staves' category.
   It is a one-handed weapon.
Jewellery
 i - an amulet of the acrobat (around neck)
 n - a ring of positive energy (left hand)
 H - a ring of willpower (right hand)
Wands
 A - a wand of flame (17)
 K - a wand of light (3)
 L - a wand of mindburst (11)
Scrolls
 b - 2 scrolls of poison
 c - a scroll of fog
 e - 2 scrolls of teleportation
 f - 2 scrolls of fear
 g - a scroll of silence
 h - 3 scrolls of blinking
 k - 2 scrolls of immolation
 v - 2 scrolls of revelation
 w - 3 scrolls of vulnerability
 B - a scroll of brand weapon {unknown}
 D - a scroll of enchant weapon {unknown}
 M - a scroll of enchant armour {unknown}
 N - a scroll of noise {unknown}
 O - a scroll of amnesia {unknown}
Potions
 j - 4 potions of haste {unknown}
 m - 2 potions of magic {unknown}
 p - 2 potions of lignification {unknown}
 q - 3 potions of heal wounds
 r - 4 potions of curing
 s - 2 potions of enlightenment {unknown}
 u - 2 potions of mutation {unknown}
 x - a potion of cancellation {unknown}
 z - a potion of ambrosia {unknown}
 C - 3 potions of brilliance {unknown}
 E - 2 potions of attraction {unknown}
 I - a potion of berserk rage {unknown}
 J - 3 potions of might {unknown}
Miscellaneous
 d - a lightning rod (4/4)


   Skills:
 + Level 2.5 Fighting
 + Level 16.4 Ranged Weapons
 + Level 2.3 Armour
 + Level 4.4 Dodging
 + Level 3.7 Stealth
 + Level 5.5 Spellcasting
 - Level 11.0 Hexes
 + Level 3.1 Translocations
 - Level 3.0 Fire Magic
 + Level 11.9 Invocations
 + Level 3.0 Evocations


You had 6 spell levels left.
You knew the following spells:

 Your Spells              Type           Power      Damage    Failure   Level
a - Jinxbite              Hex            98%        N/A       1%          2
b - Sigil of Binding      Hex            49%        N/A       1%          3
c - Inner Flame           Hex/Fire       33%        N/A       4%          3
d - Cause Fear            Hex            24%        N/A       2%          4
e - Dimensional Bullseye  Hex/Tloc       16%        N/A       13%         4

Your spell library contained the following spells:

 Spells                   Type           Power      Damage    Failure   Level
 Ensorcelled Hibernation  Hex/Ice        54%        N/A       3%          2
 Volatile Blastmotes      Fire/Tloc      34%        2d12      21%         3
 Fulminant Prism          Conj/Hex       13%        3d8       24%         4
 Leda's Liquefaction      Hex/Erth       13%        N/A       24%         4
 Cigotuvi's Dreadful Rot  Necr/Pois/Air  10%        N/A       34%         2
 Passwall                 Tmut/Erth      4%         N/A       34%         2
 Ignite Poison            Fire/Tmut/Pois 9%         N/A       43%         3
 Passage of Golubria      Tloc           18%        N/A       54%         4
 Call Canine Familiar     Summ           5%         N/A       56%         3
 Swiftness                Air            5%         N/A       56%         3
 Silence                  Hex/Air        13%        N/A       56%         5
 Flame Wave               Conj/Fire      11%        2d6       77%         4
 Iskenderun's Mystic Bla  Conj/Tloc      11%        2d4       77%         4
 Sticky Flame             Conj/Fire      11%        2d3       77%         4
 Brom's Barrelling Bould  Conj/Erth      5%         2d3       93%         4
 Fireball                 Conj/Fire      5%         3d5       98%         5
 Freezing Cloud           Conj/Ice/Air   2%         6-21      100%        5
 Iskenderun's Battlesphe  Conj           5%         2d6       100%        5
 Conjure Ball Lightning   Conj/Air       2%         3x3d6     100%        6
 Orb of Destruction       Conj           2%         9d5       100%        7
 Lehudib's Crystal Spear  Conj/Erth      2%         10d2      100%        8


Dungeon Overview and Level Annotations

Branches:
Dungeon (10/15)            Temple (0/1) D:6            Lair (2/5) D:8
 Bailey (visited)
  Swamp: Lair:2-3    Shoals: Lair:2-3     Snake: Lair:2-3    Spider: Lair:2-3
    Orc: D:9-12

Altars:
Ashenzari
Cheibriados
Dithmenos
Elyvilon
Gozag
Uskayaw
Yredelemnul
Zin

Shops:
D:4 [?:!?

Annotations:
D:10 Fannar
Lair:2 Nergalle


Message History

The blink frog closely misses you.
You shoot an arrow. The arrow hits the blink frog!!
You kill the blink frog!
No target in view!
s - 2 fuming ruby potions (gained 1) Nergalle the Soulbinder comes into view.
She is wielding a +0 dagger and wearing a +1 robe of cold resistance.
Nergalle shouts!
Casting: Jinxbite (safe; 1% risk of failure)
Confirm with . or Enter, or press ? or * to list all spells.
You beckon some vexing sprites to accompany your attacks.
You feel your willpower being sapped.
Nergalle gestures at you while chanting.
Orcish apparitions take form around you.
Casting: Jinxbite (safe; 1% risk of failure)
Confirm with . or Enter, or press ? or * to list all spells.
Aiming: Inner Flame (dangerous; 4% risk of failure)
Press: ? - help, Dir - move target, f - Nergalle
Aim: Nergalle, wielding a +0 dagger and wearing a +1 robe of cold resistance (chance to call a sprite on attack: 36%, chance to affect: 57%) Nergalle resists with significant effort.
The spectral orc warrior closely misses you.
The spectral orc warlord hits you with a +2 war axe!
You partially resist.
You feel drained.
Casting: Inner Flame (dangerous; 4% risk of failure)
Confirm with . or Enter, or press ? or * to list all spells.
Aiming: Inner Flame (dangerous; 4% risk of failure)
Press: ? - help, Dir - move target, f/p - Nergalle
Aim: Nergalle, wielding a +0 dagger and wearing a +1 robe of cold resistance (chance to call a sprite on attack: 36%, chance to affect: 57%) Nergalle is filled with an inner flame.
The spectral orc warrior barely misses you.
The spectral orc warlord hits you with a +2 war axe!!
You partially resist.
You feel drained.
You can no longer pass through a line of other dancers.
Fire: a) +2 orcbow (heavy)
Press: ? - help, Q - select action, (/) - cycle Shift-Dir - straight line, f/p - Nergalle
Aim: Nergalle, wielding a +0 dagger and wearing a +1 robe of cold resistance (inner flame, chance to call a sprite on attack: 36%, 65% to hit)
You shoot an arrow.
The arrow hits Nergalle but does no damage.
The spectral orc warrior hits you with a +0 halberd.
The spectral orc warlord hits you with a +2 war axe!!
You die...

....†..............
...................
...............†...
..........##P....#.
.###.#....###P...#
.##P.#.....# #.P.
...........# ..
.....#..Z.##
......#@..#
#...##Z...# #.#
##...# . ...o#
...... .......
........ ..........


You could see Nergalle (inner flame), a spectral orc warrior (summoned) and a
spectral orc warlord (summoned).

Vanquished Creatures
  2 vault guards (Bailey)
  A hydra (Lair:2)
  4 cane toads (Lair:1)
  Jeremiah (D:7)
  A rime drake (Lair:1)
  A troll (D:9)
  Grinder (D:4)
  5 blink frogs (Lair:2)
  2 raiju (D:9)
  Prince Ribbit (Bailey)
  Sigmund (D:5)
  3 wyverns
  Eustachio (D:6)
  11 humans (Bailey)
  30 yaks
  A basilisk (Lair:2)
  2 steam dragons (D:9)
  Menkaure (D:4)
  2 wargs (D:8)
  An acid dragon (D:6)
  5 water moccasins
  An orc warrior (D:8)
  4 black bears
  An ice beast (D:6)
  A sky beast (D:7)
  An ogre (D:4)
  8 wolves (Lair:2)
  6 centaurs
  18 bullfrogs
  A kobold brigand (D:9)
  A gnoll sergeant (D:7)
  5 scorpions
  8 wights (D:6)
  3 killer bees (D:8)
  5 electric eels (D:9)
  9 howler monkeys
  A lava snake (D:10)
  5 jellies
  A sleepcap (D:6)
  3 orc priests
  A gnoll bouda (D:7)
  A hound (D:5)
  3 iguanas
  Terence (D:2)
  7 orc wizards
  Robin (D:2)
  16 gnolls
  4 river rats (D:5)
  9 adders
  A shadow imp (D:7)
  A white imp (D:6)
  3 ufetubi
  39 orcs
  13 endoplasms
  3 giant cockroaches
  18 goblins
  8 hobgoblins
  A quokka (D:4)
  3 ball pythons
  7 bats
  A frilled lizard (D:3)
  8 kobolds
  7 rats
315 creatures vanquished.

Vanquished Creatures (others)
  A butterfly (D:4)
1 creature vanquished.

Grand Total: 316 creatures vanquished

Notes
Turn   | Place    | Note
-------+----------+-------------------------------------------
     0 | D:1      | lunatic the Deep Elf Hexslinger began the quest for the
                  | Orb.
     0 | D:1      | Reached XP level 1. HP: 11/11 MP: 5/5
   168 | D:1      | Reached skill level 3 in Ranged Weapons
   170 | D:1      | Reached XP level 2. HP: 16/16 MP: 7/7
   173 | D:1      | Learned a level 2 spell: Jinxbite
   506 | D:2      | Reached XP level 3. HP: 14/20 MP: 5/8
   794 | D:2      | HP: 1/20 [gnoll/+0 club (4)]
   860 | D:2      | Reached XP level 4. HP: 19/24 MP: 7/10
   961 | D:2      | Found a faded altar of an unknown god.
   991 | D:2      | Prayed at the altar of an unknown god.
   991 | D:2      | Became a worshipper of Uskayaw the Reveller
   991 | D:2      | Reached * piety under Uskayaw
  1114 | D:2      | Noticed Terence
  1118 | D:2      | Reached ** piety under Uskayaw
  1122 | D:2      | Reached *** piety under Uskayaw
  1123 | D:2      | Killed Terence
  1124 | D:2      | Reached skill level 4 in Ranged Weapons
  1152 | D:2      | Noticed Robin
  1155 | D:2      | Reached skill level 5 in Hexes
  1167 | D:2      | Reached **** piety under Uskayaw
  1169 | D:2      | Killed Robin
  1170 | D:2      | Reached XP level 5. HP: 6/28 MP: 8/12
  1625 | D:3      | Identified the staff "Spiderslayer" {rElec rPois rN+ MP+9
                  | Air}
  1650 | D:3      | Reached skill level 1 in Invocations
  2064 | D:3      | Found a basalt altar of Yredelemnul.
  2064 | D:3      | Found a shadowy altar of Dithmenos.
  2308 | D:4      | Reached XP level 6. HP: 33/33 MP: 10/14
  2365 | D:4      | Found Zin's Purification Station.
  2394 | D:4      | Found a glowing silver altar of Zin.
  2416 | D:4      | Bought a potion of curing for 90 gold pieces
  2463 | D:4      | Found Bidegicu's Magic Scroll Shoppe.
  2502 | D:4      | Found Meckifud's Distillery.
  2510 | D:4      | Bought a potion of degeneration for 12 gold pieces
  2528 | D:4      | Learned a level 3 spell: Sigil of Binding
  2532 | D:4      | Learned a level 3 spell: Inner Flame
  2537 | D:4      | Learned a level 4 spell: Cause Fear
  2543 | D:4      | Found Dydwuinoux's Magic Scroll Boutique.
  2552 | D:4      | Bought a scroll of teleportation for 30 gold pieces
  2574 | D:4      | Reached skill level 5 in Ranged Weapons
  2611 | D:4      | Found Ufraed's Book Shop.
  2675 | D:4      | Found Wyczah's Antique Armour Emporium.
  2715 | D:4      | Noticed Grinder
  2721 | D:4      | Killed Grinder
  2722 | D:4      | Reached XP level 7. HP: 31/37 MP: 9/15
  2800 | D:4      | Found a white marble altar of Elyvilon.
  2813 | D:4      | Noticed Menkaure
  2818 | D:4      | Killed Menkaure
  2819 | D:4      | Reached skill level 6 in Ranged Weapons
  3231 | D:5      | Entered Level 5 of the Dungeon
  3382 | D:5      | Found a broken altar of Ashenzari.
  3412 | D:5      | Reached skill level 7 in Ranged Weapons
  3579 | D:5      | Reached XP level 8. HP: 42/42 MP: 13/16
  3643 | D:5      | Reached skill level 5 in Invocations
  3730 | D:5      | Noticed Sigmund
  3734 | D:5      | Killed Sigmund
  4179 | D:5      | Reached skill level 8 in Ranged Weapons
  4628 | D:6      | Noticed Eustachio
  4655 | D:6      | Killed Eustachio
  4700 | D:6      | Found a snail-covered altar of Cheibriados.
  4782 | D:6      | Reached skill level 9 in Ranged Weapons
  4782 | D:6      | Reached XP level 9. HP: 24/46 MP: 10/17
  5232 | D:6      | Reached skill level 10 in Hexes
  5263 | D:6      | Reached skill level 10 in Ranged Weapons
  5594 | D:6      | Found a staircase to the Ecumenical Temple.
  5662 | D:7      | Found a flagged portal.
  5688 | Bailey   | Entered a bailey
  5713 | Bailey   | Reached skill level 11 in Ranged Weapons
  5847 | Bailey   | Reached XP level 10. HP: 50/51 MP: 3/18
  5955 | Bailey   | Reached ***** piety under Uskayaw
  6085 | Bailey   | Reached skill level 12 in Ranged Weapons
  6150 | Bailey   | Noticed Prince Ribbit
  6153 | Bailey   | Noticed a vault guard
  6156 | Bailey   | Noticed a vault guard
  6194 | Bailey   | Killed a vault guard
  6195 | Bailey   | Reached skill level 10 in Invocations
  6341 | Bailey   | Killed Prince Ribbit
  6342 | Bailey   | Reached skill level 13 in Ranged Weapons
  6457 | Bailey   | Killed a vault guard
  6898 | D:7      | Noticed Jeremiah
  6905 | D:7      | Killed Jeremiah
  7039 | D:7      | Reached XP level 11. HP: 55/55 MP: 18/21
  7509 | D:8      | Reached skill level 14 in Ranged Weapons
  7819 | D:8      | Found a staircase to the Lair.
  8498 | D:8      | Reached skill level 15 in Ranged Weapons
  8952 | D:9      | Learned a level 4 spell: Dimensional Bullseye
  9391 | D:9      | Reached skill level 16 in Ranged Weapons
  9439 | D:9      | Reached skill level 1 in Fighting
  9439 | D:9      | Reached skill level 1 in Stealth
  9712 | D:10     | Entered Level 10 of the Dungeon
  9760 | D:10     | Noticed Fannar
  9969 | D:10     | Reached skill level 1 in Translocations
  9973 | D:10     | Reached skill level 1 in Evocations
 10097 | Lair:1   | Entered Level 1 of the Lair of Beasts
 10171 | Lair:1   | Reached skill level 1 in Armour
 10179 | Lair:1   | Identified the +2 hand axe "Nul Pole" {freeze, rN+ Str-5
                  | Int+3}
 10193 | Lair:1   | Found an opulent altar of Gozag.
 10441 | Lair:1   | Reached XP level 12. HP: 36/62 MP: 16/22
 10548 | Lair:1   | Reached skill level 5 in Spellcasting
 10978 | Lair:2   | Noticed a six-headed hydra
 11067 | Lair:2   | Killed a six-headed hydra
 11186 | Lair:2   | Noticed Nergalle
 11190 | Lair:2   | Slain by a spectral orc warlord

Illustrated notes

Levels and vault maps discovered:
D:1:      erik_arrival_orb_chamber, layout_rooms
D:2:      layout_loops_corners, ebering_ecumenical_altar_abandoned,
          uniq_terence, uniq_robin
D:3:      layout_basic, gammafunk_temple_overflow_elements
D:4:      black_bear_nest_1, layout_cave_pools, nicolae_elyvilon_peaceful_grove,
          zin_purify, serial_shops, nicolae_shop_stone,
          nicolae_shop_rolling_square, nicolae_inconvenience_store, shop, shop,
          uniq_grinder, uniq_menkaure
D:5:      wad_woods_tower, layout_basic, mainiacjoe_overflow_tiny_flanked,
          uniq_sigmund
D:6:      layout_loops_ring, mainiacjoe_overflow_catwalk, temple_hall,
          grunt_potential, uniq_eustachio
D:7:      minmay_inner_zag, layout_basic, lightli_bailey_entry_fortress,
          uniq_jeremiah
D:8:      layout_gridville, erik_lair_orcish_takeover, hex_medium,
          dk_noncrumbling_3
D:9:      layout_irregular_city, kennysheep_nub, nicolae_have_a_lightning_rod
D:10:     layout_small_grid, lemuel_crystal_altar,
          nicolae_overflow_two_pavilions, david_orc_4, uniq_fannar
Lair:1:   layout_gridlike, basic_altar
Lair:2:   layout_regular_city, minmay_swamp_entry_worms, uniq_nergalle

Skill      XL: |  1  2  3  4  5  6  7  8  9 10 11 12 |
---------------+-------------------------------------+-----
Ranged Weapons | 3 4 5 7 9 11 13 16 | 16.4
Spellcasting   | 2 3 4 5 |  5.5
Fire Magic     | 2 3 |  3.0
Hexes          | 5 6 7 9 10 11 | 11.0
Invocations    | 1 3 4 6 8 11 | 11.9
Fighting       | 1 2 |  2.5
Stealth        | 2 3 |  3.7
Translocations | 2 3 |  3.1
Evocations     | 2 3 |  3.0
Dodging        | 3 4 |  4.4
Armour         | 1 2 |  2.3

Action                     |  1- 3 |  4- 6 |  7- 9 | 10-12 || total
---------------------------+-------+-------+-------+-------++-------
   Fire: Sling             |    61 |    35 |       |       ||    96
         Shortbow          |       |    86 |   240 |   285 ||   611
         Orcbow            |       |       |       |   236 ||   236
  Throw: Throwing net      |       |       |     1 |       ||     1
   Cast: Jinxbite          |    11 |    29 |    49 |    81 ||   170
         Inner Flame       |       |     1 |    14 |    29 ||    44
         Sigil of Binding  |       |       |     2 |     7 ||     9
         Cause Fear        |       |       |     3 |    12 ||    15
  Evoke: Wand              |       |       |       |     1 ||     1
    Use: Scroll            |     2 |     1 |     1 |     5 ||     9
         Potion            |       |     1 |     1 |     1 ||     3
 Armour: Robe              |     7 |    20 |    49 |       ||    76
         Acid dragon scale |       |       |     9 |   163 ||   172
  Dodge: Dodged            |    21 |    18 |    58 |   144 ||   241

Table legend: (Time is in decaauts)
 A = Elapsed time spent in this place.
 B = Non-inter-level travel time spent in this place.
 C = Inter-level travel time spent in this place.
 D = Time resting spent in this place.
 E = Time spent auto-exploring this place.
 F = Levels seen in this place.
 G = Mean time per level.
                   A        B        C        D        E       F      G
               +--------+--------+--------+--------+--------+-----+--------+
         Total |  11210 |  10693 |    517 |    521 |   7952 |  13 |  862.3 |
       Dungeon |   9192 |   8706 |    486 |     91 |   6931 |  10 |  919.2 |
          Lair |   1114 |   1083 |     31 |     38 |    816 |   2 |  557.0 |
        Bailey |    903 |    903 |      0 |    392 |    205 |   1 |  903.0 |
               +--------+--------+--------+--------+--------+-----+--------+

Top non-repeatable levels by time:
     D:9: 1325 daAuts
     D:6: 1234 daAuts
     D:5: 1151 daAuts
     D:2: 1086 daAuts
     D:8: 1085 daAuts
     D:4: 945 daAuts
     D:7: 928 daAuts
  Bailey: 903 daAuts
  Lair:1: 887 daAuts
     D:3: 766 daAuts
     D:1: 471 daAuts
  Lair:2: 226 daAuts
    D:10: 198 daAuts
